 Dungeon Sprint DCSS version 0.30.0-29-ga12c61a403 (webtiles) character file.

Game seed: 16517101024180023301

9 Revguard the Trooper (level 2, -1/24 HPs)
             Began as a Demonspawn Fighter on June 7, 2023.
             Killed from afar by an oklob sapling (22 damage)
             ... with a splash of acid
             ... in the Dungeon (Sprint IV: "Fedhas' Mad Dash").
             The game lasted 00:00:23 (25 turns).

Revguard the Trooper (Demonspawn Fighter)             Turns: 25, Time: 00:00:24

Health: -1/24      AC:  6    Str: 16    XL:     2   Next: 6%
Magic:  1/3        EV:  9    Int:  9    God:
Gold:   11         SH:  4    Dex: 12    Spells: 1/1 levels left

rFire   . . .        a - +0 war axe
rCold   . . .        c - +0 buckler
rNeg    . . .        b - +0 scale mail
rPois   .            (no helmet)
rElec   .            (no cloak)
rCorr   .            (no gloves)
SInv    .            (no boots)
Will    .....        (no amulet) Stlth
                     (no ring)
HPRegen 0.24/turn    (no ring)
MPRegen 0.08/turn

%: no teleportation
@: no status effects
A: hooves 1
a: no special abilities


You were in the Dungeon.
You visited 1 branch You collected 11 gold pieces.

Inventory:

Hand Weapons
 a - a +0 war axe (weapon)
Armour
 b - a +0 scale mail (worn)
 c - a +0 buckler (worn)
Scrolls
 j - a scroll of blinking
Potions
 d - a potion of might
 e - a potion of curing
 f - a potion of heal wounds
 g - a potion of haste
 h - 2 potions of magic
 i - a potion of berserk rage


   Skills:
 + Level 3.4 Fighting
 + Level 2.2 Axes
 + Level 3.0 Armour
 + Level 1.0 Dodging
 + Level 3.1 Shields
 + Level 1.6 Invocations
 + Level 1.1 Evocations


You had one spell level left.
You didn't know any spells.
Your spell library was empty.

Dungeon Overview and Level Annotations

Branches:
Dungeon (1/1)

Altars:


Innate Abilities, Weirdness & Mutations

You have large cloven feet.


Message History

You hit the fungus.
The fungus begins to die.
You slash the fungus!
The fungus is lightly damaged.
You hit the fungus.
A nearby fungus withers and dies.
A nearby fungus withers and dies.
You open the door.
A rat and a river rat come into view.
Found 11 gold pieces.
There is an open door here.
The river rat closely misses you.
You barely miss the river rat. You completely miss the rat.
The rat bites you but does no damage. The river rat closely misses you.
The rat closely misses you. The river rat closely misses you.
You hit the river rat but do no damage. You hit the rat.
You kill the rat!
The river rat bites you but does no damage.
You slash the river rat!
The river rat is almost dead.
You block the river rat's attack. The river rat bites you.
You barely miss the river rat.
The river rat is almost dead.
The river rat barely misses you.
You hit the river rat.
You kill the river rat!
Your Axes skill increases to level 2!
Your Armour skill increases to level 3!
Your Dodging skill increases to level 1!
Your Shields skill increases to level 3!
Your Invocations skill increases to level 1!
Your Evocations skill increases to level 1!
You have reached level 2!
Your demonic ancestry asserts itself...
Your feet thicken and deform.
You now have 11 gold pieces.
You open the door.
An oklob sapling comes into view.
The oklob sapling spits acid at you. The splash of acid hits you!!
Ouch! That really hurt!
You die...

############ #####
#<...#.....#.$$$$#
#....'....@'.#
#....#.....#P#
############ #


You could see an oklob sapling.

Vanquished Creatures
  A river rat (D)
  A rat (D)
2 creatures vanquished.

Notes
Turn   | Place    | Note
-------+----------+-------------------------------------------
     0 | D        | Revguard the Demonspawn Fighter began the quest for the
                  | Orb.
     0 | D        | Reached XP level 1. HP: 18/18 MP: 1/1
    20 | D        | Reached skill level 1 in Dodging
    20 | D        | Reached skill level 1 in Invocations
    20 | D        | Reached skill level 1 in Evocations
    20 | D        | Gained mutation: You have large cloven feet. [demonic
                  | ancestry]
    20 | D        | Reached XP level 2. HP: 19/24 MP: 1/3
    25 | D        | Noticed an oklob sapling
    25 | D        | Killed from afar by an oklob sapling

Illustrated notes

Levels and vault maps discovered:
D:        dungeon_sprint_fedhas [sprint_temple]

Skill      XL: |  1 |
---------------+----+-----
Axes           | 2 |  2.2
Armour         | 3 |  3.0
Dodging        | 1 |  1.0
Shields        | 3 |  3.1
Invocations    | 1 |  1.6
Evocations     | 1 |  1.1
Fighting       | |  3.4

Action                     || total
---------------------------++-------
  Melee: War axe           ||    11
 Armour: Scale mail        ||     2
  Dodge: Dodged            ||     5
  Block: Buckler           ||     1
